 Dungeon Crawl Stone Soup version 0.32-a0-732-ga344392067 (webtiles) character file.

Game seed: 15012464232053493014

1699442 MackTheKnife the Slayer (level 26, 226/250 HPs)
             Began as a Coglin Wanderer on Mar 15, 2024.
             Was an Elder of Okawaru.
             Escaped with the Orb
             ... and 3 runes
             ... and 1 gem (intact) on Mar 16, 2024!
             The game lasted 01:54:19 (71318 turns).

MackTheKnife the Slayer (Coglin Wanderer)          Turns: 71318, Time: 01:54:20

Health: 226/250    AC: 36    Str: 17    XL:     26   Next: 30%
Magic:  10/10      EV: 40    Int:  8    God:    Okawaru [****..]
Gold:   4112       SH:  0    Dex: 32    Spells: 29/30 levels left

rFire   + . .        B - +9 quick blade (freeze) {short, Armando}
rCold   + . .        Y - +6 rapier of the Lurker {antimagic, Will+ Str+3 Dex+3 Stlth+, short}
rNeg    . . .        W - +9 ring mail of the Mantidfly {Dex+3}
rPois   +            r - +2 hat
rElec   +            n - +2 cloak {rPois}
rCorr   .            d - +2 pair of gloves
SInv    .            a - +2 pair of boots of the Enormous Baku {rElec}
Will    +++..        (amulet unavailable)
Stlth   ++++         (ring unavailable)
HPRegen 0.61/turn    (ring unavailable)
MPRegen 0.12/turn    O - gyroramjet Mk.18 {rF+ rC+ Clar RMsl}

%: repel missiles, clarity
@: heroic
A: off-hand wielding, slow wielding, warmup strikes, no jewellery, iridescent
scales 1, clarity, clumsy 1, strong-willed 1, robust 1
0: Orb of Zot
}: 3/15 runes: decaying, serpentine, silver
a: Renounce Religion, Heroism, Finesse


You escaped.
You worshipped Okawaru.
Okawaru was greatly pleased with you.
You visited 10 branches of the dungeon, and saw 48 of its levels.
You also visited: Ice Cave.

You collected 9661 gold pieces.
You spent 5549 gold pieces at shops.


Innate Abilities, Weirdness & Mutations

You can wield a second weapon in your off-hand.
It takes a long time for you to wield or remove held weapons.
Your first few attacks do less damage.
You cannot equip rings or amulets.
You are partially covered in iridescent scales. (AC +2)
You possess an exceptional clarity of mind.
You are clumsy. (Dex -2)
You are strong-willed. (Will+)
You are robust. (+10% HP)


   Skills:
 - Level 23.0(27) Fighting
 - Level 15.0(20.0) Short Blades
 - Level 6.2(11.2) Staves
 - Level 20.0(25.0) Armour
 - Level 22.0(27) Dodging
 - Level 18.0(23.0) Stealth
 - Level 2.6 Spellcasting
 - Level 1.0 Hexes
 - Level 11.0 Invocations
 + Level 20.5 Evocations


You had 29 spell levels left.
You knew the following spells:

 Your Spells              Type           Power      Damage    Failure   Level
a - Slow                  Hex            8%         N/A       28%         1

Your spell library contained the following spells:

 Spells                   Type           Power      Damage    Failure   Level
 Foxfire                  Conj/Fire      4%         2x1d4     41%         1
 Freeze                   Ice            4%         1d3       41%         1
 Necrotise                Necr           4%         1d4       41%         1
 Ensorcelled Hibernation  Hex/Ice        2%         N/A       47%         2
 Lesser Beckoning         Tloc           2%         N/A       54%         2
 Scorch                   Fire           2%         2d5       54%         2
 Static Discharge         Conj/Air       2%         3-4/arc   54%         2
 Sublimation of Blood     Necr           1%         N/A       54%         2
 Confusing Touch          Hex            2%         N/A       65%         3
 Sigil of Binding         Hex            2%         N/A       65%         3
 Dazzling Flash           Conj/Hex       2%         N/A       71%         3
 Frozen Ramparts          Ice            2%         1d1       78%         3
 Fugue of the Fallen      Necr           1%         N/A       78%         3
 Gell's Gravitas          Tloc           1%         N/A       78%         3
 Hailstorm                Conj/Ice       1%         3d5       78%         3
 Mephitic Cloud           Conj/Alch/Air  1%         N/A       78%         3
 Ozocubu's Armour         Ice            1%         N/A       78%         3
 Passwall                 Erth           1%         N/A       78%         3
 Stone Arrow              Conj/Erth      2%         3d7       78%         3
 Swiftness                Air            1%         N/A       78%         3
 Teleport Other           Tloc           1%         N/A       78%         3
 Vampiric Draining        Necr           1%         2d6       78%         3
 Anguish                  Hex/Necr       0%         N/A       98%         4
 Dimensional Bullseye     Hex/Tloc       0%         N/A       98%         4
 Airstrike                Air            0%         2d(1-17)  99%         4
 Flame Wave               Conj/Fire      1%         2d4       99%         4
 Iskenderun's Mystic Bla  Conj/Tloc      1%         2d3       99%         4
 Leda's Liquefaction      Alch/Erth      0%         N/A       99%         4
 Manifold Assault         Tloc           1%         N/A       99%         4
 Alistair's Intoxication  Alch           0%         N/A       100%        5
 Borgnjor's Vile Clutch   Necr/Erth      0%         N/A       100%        5
 Curse of Agony           Necr           1%         N/A       100%        5
 Freezing Cloud           Conj/Ice/Air   0%         6-21      100%        5
 Lee's Rapid Deconstruct  Erth           0%         3d4*      100%        5
 Silence                  Hex/Air        0%         N/A       100%        5
 Yara's Violent Unravell  Hex/Alch       0%         3d3       100%        5
 Eringya's Noxious Bog    Alch           0%         4d6       100%        6
 Permafrost Eruption      Ice/Erth       0%         2x4d2     100%        6
 Plasma Beam              Fire/Air       0%         2x1d10    100%        6
 Starburst                Conj/Fire      0%         6d3       100%        6
 Borgnjor's Revivificati  Necr           0%         N/A       100%        8
 Discord                  Hex            1%         N/A       100%        8
 Lehudib's Crystal Spear  Conj/Erth      0%         10d2      100%        8
 Maxwell's Capacitive Co  Air            0%         โˆž       100%        8
 Death's Door             Necr           0%         N/A       100%        9
 Shatter                  Erth           0%         3d5*      100%        9
 Summon Small Mammal      Summ           Unusable   N/A       N/A         1
 Call Imp                 Summ           Unusable   N/A       N/A         2
 Tukima's Dance           Hex            Unusable   N/A       N/A         3
 Call Canine Familiar     Summ           Unusable   N/A       N/A         3
 Animate Armour           Summ/Erth      Unusable   N/A       N/A         4
 Martyr's Knell           Necr/Summ      Unusable   N/A       N/A         4
 Summon Blazeheart Golem  Fire/Summ      Unusable   N/A       N/A         4
 Summon Lightning Spire   Summ/Air       Unusable   N/A       N/A         4
 Sculpt Simulacrum        Ice/Alch       Unusable   N/A       N/A         6
 Summon Cactus Giant      Summ           Unusable   N/A       N/A         6
 Haunt                    Necr/Summ      Unusable   N/A       N/A         7
 Summon Hydra             Summ           Unusable   N/A       N/A         7

Inventory:

Hand Weapons
 B - a +9 quick blade of freezing (weapon) {short, Armando}
   (You acquired it on level 7 of the Dungeon)
 Y - the +6 rapier of the Lurker (offhand) {antimagic, Will+ Str+3 Dex+3 Stlth+, short}
   (You bought it in a shop on level 2 of the Vaults)

   Str+3:     It affects your strength (+3).
   Dex+3:     It affects your dexterity (+3).
   Will+:     It increases your willpower.
   Stlth+:    It makes you more stealthy.
Armour
 a - the +2 pair of boots of the Enormous Baku (worn) {rElec}
   (You found it on level 3 of the Depths)

   rElec:     It insulates you from electricity.
 d - a +2 pair of gloves (worn)
   (You found it on level 2 of the Dungeon)
 n - a +2 cloak of poison resistance (worn)
   (You found it on level 2 of the Depths)
 r - a +2 hat (worn)
   (You found it on level 3 of the Dungeon)
 Q - a +2 cloak of preservation
   (You took it off Nikola on level 1 of the Vaults)
 W - the +9 ring mail of the Mantidfly (worn) {Dex+3}
   (You bought it in a shop on level 3 of the Vaults)

   Dex+3:     It affects your dexterity (+3).
Gizmo
 O - a gyroramjet Mk.18 (installed) {rF+ rC+ Clar RMsl}
   (You invented it yourself on level 5 of the Lair of Beasts)

   [gyroramjet Mk.18]

   rF+:       It protects you from fire.
   rC+:       It protects you from cold.
   Clar:      It protects you from confusion, rage, mesmerisation and fear.
   RMsl:      It protects you from missiles.
Wands
 e - a wand of flame (61) (quivered)
 v - a wand of polymorph (24)
   (You found it on level 5 of the Dungeon)
 C - a wand of digging (12)
   (You found it on level 8 of the Dungeon)
 E - a wand of roots (39)
   (You found it on level 7 of the Dungeon)
 T - a wand of acid (4)
   (You found it on level 2 of the Snake Pit)
 X - a wand of mindburst (12)
   (You found it on level 1 of the Vaults)
Scrolls
 f - 5 scrolls of blinking {!r}
 g - 2 scrolls of fog
 j - 15 scrolls of teleportation {@r4}
 p - a scroll of torment {!r}
 t - 3 scrolls of silence {!r}
 z - 20 scrolls of identify {@r1}
 F - 3 scrolls of revelation
 G - 2 scrolls of brand weapon
 I - 8 scrolls of immolation {!r!r}
 K - 7 scrolls of vulnerability {!r!r}
 M - 5 scrolls of fear
 P - 3 scrolls of enchant weapon
 U - 6 scrolls of poison {!r}
Potions
 b - 13 potions of mutation {!q}
 c - 13 potions of curing {@q1}
 h - 5 potions of enlightenment
 o - 4 potions of haste {@q3}
 q - a potion of berserk rage {!q}
 s - 3 potions of might
 u - 5 potions of cancellation
 w - 3 potions of heal wounds {@q2}
 x - 4 potions of resistance
 A - 3 potions of magic
 J - 3 potions of ambrosia
 L - a potion of invisibility
Miscellaneous
 m - a lightning rod (4/4)
   (You found it on level 5 of the Vaults)
 H - a tin of tremorstones (2/2) {throwing}
   (You found it on level 1 of the Vaults)
 S - a phial of floods
   (You found it in an ice cave)

Dungeon Overview and Level Annotations

Branches:
Dungeon (15/15)            Temple (1/1) D:6            Lair (5/5) D:11
  Swamp (4/4) Lair:2        Snake (4/4) Lair:2        Slime (0/5) Lair:5
    Orc (2/2) D:11            Elf (3/3) Orc:2        Vaults (5/5) D:13
  Crypt (0/3) Vaults:3     Depths (4/4) D:15            Zot (5/5) Depths:4
  IceCv (visited)

Altars:
Ashenzari
Cheibriados
Dithmenos
Elyvilon
Fedhas
Gozag
Hepliaklqana
Kikubaaqudgha
Makhleb
Nemelex Xobeh
Okawaru
Qazlal
Ru
Sif Muna
Trog
Uskayaw
Vehumet
Wu Jian
Xom
Yredelemnul
Zin
The Shining One
Jiyva

Shops:
D:2 ?   D:6 [   D:14 (   D:15 [   Orc:2 (*[:   Elf:3 ?   Snake:1 *   Snake:4 :
Vaults:2 *:*??(   Vaults:3 =?*[*   Depths:1 [**

Portals:
Hell: Depths:1 Depths:2 Depths:3 Depths:4
Abyss: Depths:3 Depths:4
Pandemonium: Depths:2
Ziggurat: Depths:1

Annotations:
D:6 Jeremiah
D:9 Erolcha
Temple 2 transporters
Lair:5 1 runed translucent door
Swamp:4 3 runed translucent doors, Leszczynek's ghost, adept OnAl
Snake:2 2 transporters
Elf:2 3 runed translucent doors
Depths:4 Jory
Zot:4 exclusion: death cob

#...................
##..................
#...................
#...................
#...................
#..........##.......
#..........#.....รท..
##.>......##.....)..
#.@.....###........
###..#### #........
#..# ####........
#..# #...........
#..# ###.#.......
#### #..#......
##.#.###.. #.#.# ##.
#...# #.


There were no monsters in sight!


Message History

The Executioner hits you but does no damage.
The Executioner completely misses you.
The Executioner hits you but does no damage.
The Executioner hits you. The Executioner misses you. ๐Ÿ˜• HP[-6]
You take 6 damage, and now have 209/250 hp.
The Executioner hits you but does no damage.
The Executioner misses you. The Executioner completely misses you.
The Executioner barely misses you. The Executioner completely misses you.
The Executioner misses you.
The Executioner completely misses you. x3 ๐Ÿ˜• HP[+1]
You completely miss the Executioner with the +6 rapier of the Lurker.
You puncture the Executioner with your +9 quick blade of freezing!
You freeze the Executioner.
You hit the Executioner with your +9 quick blade of freezing.
The Executioner hits you but does no damage.
The Executioner misses you.
The Executioner hits you but does no damage.
You puncture the Executioner with your +9 quick blade of freezing!
You freeze the Executioner.
You hit the Executioner but do no damage.
You barely miss the Executioner with the +6 rapier of the Lurker.
The Executioner barely misses you. The Executioner misses you.
The Executioner closely misses you. x3; The Executioner misses you. ๐Ÿ˜• HP[+1]
You hit the Executioner but do no damage.
You miss the Executioner with your +9 quick blade of freezing.
You puncture the Executioner with the +6 rapier of the Lurker!
The Executioner's magic leaks into the air.
The Executioner barely misses you. The Executioner completely misses you.
The Executioner closely misses you.
You hit the Executioner with the +6 rapier of the Lurker.
The Executioner's magic leaks into the air.
You hit the Executioner with your +9 quick blade of freezing.
You barely miss the Executioner with your +9 quick blade of freezing.
The Executioner hits you but does no damage.
The Executioner completely misses you. The Executioner misses you.
The Executioner hits you but does no damage.
The Executioner barely misses you. The Executioner completely misses you.
You hit the Executioner with your +9 quick blade of freezing. x2
You freeze the Executioner.
You puncture the Executioner with the +6 rapier of the Lurker!
The Executioner's magic leaks into the air.
The Executioner completely misses you.
The Executioner hits you but does no damage.
The Executioner completely misses you. ๐Ÿ˜• HP[+1]
You hit the Executioner with the +6 rapier of the Lurker.
The Executioner's magic leaks into the air.
You hit the Executioner but do no damage.
You hit the Executioner with your +9 quick blade of freezing.
You freeze the Executioner. The Executioner completely misses you.
The Executioner hits you but does no damage.
The Executioner barely misses you. The Executioner hits you.
The Executioner barely misses you.
The Executioner completely misses you. ๐Ÿ˜• HP[-3]
You take 3 damage, and now have 209/250 hp.
You hit the Executioner with your +9 quick blade of freezing.
You freeze the Executioner.
You hit the Executioner with your +9 quick blade of freezing.
You puncture the Executioner with the +6 rapier of the Lurker!
You kill the Executioner!
Okawaru accepts your kill.
You puncture the large abomination with your +9 quick blade of freezing!
You freeze the large abomination.
You puncture the large abomination with your +9 quick blade of freezing!
You freeze the large abomination.
You completely miss the large abomination with the +6 rapier of the Lurker. ๐Ÿ˜• HP[+1]
You hit the large abomination with the +6 rapier of the Lurker.
You puncture the large abomination with your +9 quick blade of freezing!
You freeze the large abomination.
You hit the large abomination with your +9 quick blade of freezing.
You freeze the large abomination.
The large abomination completely misses you.
You hit the large abomination but do no damage.
You hit the large abomination with your +9 quick blade of freezing.
You freeze the large abomination.
You puncture the large abomination with the +6 rapier of the Lurker!
You destroy the large abomination!
Okawaru accepts your kill. ๐Ÿ˜• MP[+1] No target in view!
There is a stone staircase leading up here. ๐Ÿ˜• HP[+1]
You climb upwards.
There is a stone staircase leading down here. ๐Ÿ˜• HP[+1]
What level of the Dungeon? (default 1, ? - help)
There is an escape hatch in the floor here.
There is a staircase leading out of the dungeon here. ๐Ÿ˜• HP[+12] MP[+1]
You regained 12 hp, and now have 224/250 hp.
Your mp is fully restored (10).
Unknown command.
Unknown command.
Unknown command.
There is a staircase leading out of the dungeon here. ๐Ÿ˜• HP[+1]
You have escaped!

Skill      XL: |  1  2  3  4  5  6  7  8  9 10 11 12 13 14 15 16 17 18 19 20 21 22 23 24 25 26 |
---------------+-------------------------------------------------------------------------------+-----
Fighting       | 1 2 3 5 6 10 11 13 14 20 22 23 | 23.0
Short Blades   | 2 4 6 8 9 10 13 14 15 | 15.0
Dodging        | 3 6 8 10 12 13 14 15 18 21 22 | 22.0
Armour         | 1 3 8 10 12 18 20 | 20.0
Invocations    | 2 9 10 11 | 11.0
Evocations     | 13 14 18 20 | 20.5
Stealth        | 8 11 14 15 18 | 18.0
Staves         | 6 |  6.2
Spellcasting   | |  2.6
Hexes          | |  1.0

Action                     |  1- 3 |  4- 6 |  7- 9 | 10-12 | 13-15 | 16-18 | 19-21 | 22-24 | 25-27 || total
---------------------------+-------+-------+-------+-------+-------+-------+-------+-------+-------++-------
  Melee: Dagger            |   226 |   391 |   322 |   117 |       |       |       |       |       ||  1056
         Rapier            |       |       |   152 |   414 |  1200 |  1570 |  1385 |  1421 |   753 ||  6895
         Quick blade       |       |       |   119 |  1039 |  2400 |  3050 |  2686 |  2742 |  1522 || 13558
  Throw: Dart              |       |     5 |     7 |    28 |     4 |       |       |       |       ||    44
 Invoke: Receive Weapon    |       |       |       |     1 |       |       |       |       |       ||     1
         Receive Armour    |       |       |       |     1 |       |       |       |       |       ||     1
         Heroism           |       |       |       |       |     7 |    16 |    10 |    19 |    13 ||    65
         Finesse           |       |       |       |       |     1 |    13 |    11 |    13 |     8 ||    46
Ability: Invent Gizmo      |       |       |       |       |     1 |       |       |       |       ||     1
  Evoke: Wand              |     5 |     9 |     7 |    11 |     4 |    41 |     6 |     6 |     3 ||    92
         Phial of floods   |       |       |       |       |       |     2 |     3 |       |       ||     5
         Tin of tremorston |       |       |       |       |       |       |       |     2 |       ||     2
         Lightning rod     |       |       |       |       |       |       |       |       |     3 ||     3
    Use: Scroll            |     3 |     3 |     6 |    12 |     9 |     8 |    13 |     7 |    10 ||    71
         Potion            |       |       |     4 |    12 |     3 |     6 |     3 |     1 |    18 ||    47
   Stab: Sleeping          |     2 |       |       |       |     4 |     9 |    34 |    67 |     2 ||   118
         Distracted        |     1 |     1 |       |       |     3 |     4 |     4 |    13 |     7 ||    33
         Invisible         |       |       |       |       |       |       |       |       |    31 ||    31
 Armour: Leather armour    |    58 |       |       |       |       |       |       |       |       ||    58
         Ring mail         |     2 |   158 |   159 |   330 |   568 |   583 |   413 |   337 |   217 ||  2767
         Swamp dragon scal |       |       |       |       |       |   144 |   203 |       |       ||   347
  Dodge: Dodged            |    57 |    91 |   107 |   259 |   750 |   901 |   982 |  1122 |   598 ||  4867
         Repelled          |       |       |       |       |    48 |   129 |    57 |    42 |    24 ||   300

Levels and vault maps discovered:
D:1:      dpeg_arrival_tiny_a, layout_rooms
D:2:      minmay_angry_zag, layout_loops_corners, nicolae_nh_oracle_at_delphi,
          uniq_terence
D:3:      layout_loops_ring, dilly_ecumenical_altar_fadedgnrine,
          grunt_decor_one_mirror
D:4:      nicolae_cairo_tiling_very_big, layout_loops_ring,
          nicolae_dithmenos_the_darkroom, kennysheep_small_spiral
D:5:      layout_gridville, minmay_pentangle
D:6:      black_bear_nest_1, layout_loops_ring, temple_fountains, serial_glass,
          glass_columns_c, glass_columns_c, serial_shops,
          nicolae_shop_statue_plus, st_stairs_4, uniq_jeremiah, uniq_grinder
D:7:      layout_loops_ring, vehumet_altar_wand_db, chequers_jeans,
          uniq_menkaure, uniq_prince_ribbit1
D:8:      layout_layer_cave, mainiacjoe_overflow_brackets, nicolae_two_hexagons
D:9:      layout_roguey, serial_demonic, serial_demonic_g, serial_demonic_f,
          serial_demonic_c, serial_demonic_a, serial_demonic_c,
          serial_demonic_b, uniq_gastronok, uniq_erolcha
D:10:     layout_loops_ring, lemuel_round_altar, kennysheep_little_box,
          minmay_checkerbox, uniq_maurice, uniq_joseph, uniq_nergalle,
          uniq_sonja
D:11:     layout_layer_cave, erik_lair_orcish_takeover, orc_0_dummy,
          kennysheep_cluttered_room
D:12:     layout_loops_cross, minmay_evil_grid
D:13:     layout_roguey, david_vaults_2, uniq_lodul
D:14:     layout_loops_cross, serial_glass, glass_columns_b, glass_columns_a,
          nicolae_shop_firing_range
D:15:     grunt_enter_depths_hoard, layout_basic, nicolae_hexahallways,
          serial_shops, nicolae_shop_waterfront
Temple:   hellmonk_temple_divided_pantheon
Lair:1:   layout_regular_city
Lair:2:   layout_roguey, palyth_hydra_swamp_entry, guppyfry_snake_entry_island,
          nicolae_lair_grove_arrangements, lemuel_fruit_fields, uniq_urug
Lair:3:   layout_cave_pods
Lair:4:   layout_cave_shapes, beast_lair_carwin_2, lemuel_fruit_fields,
          grunt_megastairs_3, infiniplex_staircase_pool_2
Lair:5:   minmay_lair_end_enchanted_forest, layout_regular_city, slime_entry_2,
          lemuel_fruit_tree, grunt_megastairs_2
Swamp:1:  layout_falls_marsh, evilmike_swamp_ruin_house_5, uniq_frances,
          uniq_roxanne, uniq_aizul
Swamp:2:  layout_basic_swamp, nicolae_swamp_well_well_well, swamp_pool_3,
          nicolae_swamp_necromancer_hut, uniq_mlioglotl
Swamp:3:  nzn_winding_woodlands_three_and_one
          [nzn_winding_woodlands_5x15_river_crossing,
          nzn_winding_woodlands_5x15_crooked,
          nzn_winding_woodlands_5x15_default,
          nzn_winding_woodlands_center_pierced_h], layout_basic_swamp,
          hangedman_swamp_cone, swamp_pool_1_2, cheibrodos_swamp_pet_leeches,
          infiniplex_staircase_pool
Swamp:4:  grunt_swamp_rune_castle, layout_basic_swamp,
          gammafunk_ghost_hydra_chop, swamp_pool_1_2,
          nicolae_swamp_decorative_isthmus
Snake:1:  layout_gridlike, serial_shops, shop, hangedman_snake_thin_pillar_pass,
          grunt_megastairs_1, serial_bayou_shore_b
Snake:2:  gammafunk_its_a_trap, layout_gridlike, portal_ice_cave_entry_dragon,
          basic_altar
Snake:3:  layout_onion, nicolae_triple_integral, uniq_asterion, uniq_donald
Snake:4:  snake_pit, layout_misc_corridors, serial_bayou_pond_c,
          grunt_ministairs_12, serial_bayou_pond_c, st_stairs_4,
          nicolae_shop_self_help
Orc:1:    layout_caves
Orc:2:    st_orc_rangers, layout_caves, statue_in_the_mist_lemuel
Elf:1:    minmay_elf_arrival_summoners, layout_geoelf_octagon,
          hangedman_elf_disciples, lemuel_upstairs_altar, uniq_agnes
Elf:2:    nicolae_elf_blades_splatter_lattice [infiniplex_blade_entry_pillars],
          layout_onion_city, grunt_megastairs_4
Elf:3:    elf_hall_gauntlet_narrow, layout_geoelf_octagon, serial_shops, shop
Vaults:1: nicolae_vaults_two_Ls, vaults_room_grunt_arrival_ludios,
          nicolae_vaults_storage_room_water, nicolae_vaults_oval_intersection,
          nicolae_vaults_three_branches, vaults_room_guarded_vault,
          vaults_dpeg_hooks, vaults_standard_mumra_lines,
          nicolae_vaults_alarming, nicolae_vaults_turnstiles,
          layout_vaults_omnigrid, uniq_nikola
Vaults:2: st_quartered_hall, nicolae_vaults_taking_the_gang_shopping,
          ontoclasm_vaults_ring_square, hangedman_vaults_slither,
          nicolae_vaults_windows_and_doors_thing, vaults_mumra_hex,
          dpeg_vaults_monster_box, v_misc_8, vaults_dpeg_doors, v_rooms_6,
          vaults_room_pools, vaults_room_stairs_pillars,
          ontoclasm_vaults_decontamination, layout_vaults_omnibox, serial_shops,
          shop, shop, shop, shop, shop
Vaults:3: nicolae_vaults_mush_room, grunt_vaults_hallway_long,
          vaults_standard_mumra_enter_the_diamond, vaults_room_semicircle,
          hangedman_vaults_maws, minmay_crypt_entry_simple_corners,
          grunt_vaults_hallway_short, vaults_mumra_chevron, v_misc_9,
          hangedman_vaults_stitches, v_pattern_5, nicolae_vaults_house_3,
          nicolae_vaults_stairing_the_circle,
          hangedman_vaults_stretched_pinwheel, v_misc_15,
          layout_vaults_maze_bifur, serial_shops, nicolae_shop_crystal,
          nicolae_shop_real_fake_doors, nicolae_shop_stone, shop, shop,
          uniq_margery, uniq_xtahua
Vaults:4: ploomutoo_gammafunk_ghost_potion_laboratory, v_rooms_5,
          nicolae_vaults_spaceships, ontoclasm_vaults_ring_small,
          nicolae_vaults_sightless_eye, vaults_dpeg_cross, serial_ice_h,
          nicolae_vaults_tetromino_T_1, nicolae_vaults_surprise_closet,
          st_cells, nicolae_vaults_trapezoid_layered, v_misc_16, v_misc_26,
          ontoclasm_vaults_loading_screen, nicolae_vaults_closet_pinwheel_2,
          nicolae_vaults_house_2, layout_vaults_ring, uniq_mennas
Vaults:5
Depths:1: layout_cave_shapes, enter_ziggurat_f, ebering_ghost_gozag,
          minmay_tree_intersection, hellmouth_1, glass_columns_a,
          onia_ninara_cookie, minmay_shop_star, firewood_loft, uniq_sojobo,
          uniq_bai_suzhen
Depths:2: hangedman_arch_fort, layout_small_grid, hangedman_coc_ice_floe,
          hangedman_decor_lopped, rand_demon_pan_entry_7, kennysheep_nub,
          hangedman_abyss_or_decor_stagger, due_unseen_surprise
Depths:3: hangedman_spin_cycle, abyss_entry, hell_entry
Depths:4: evilmike_zot_entry_argh, layout_cross, grunt_mini_vestibule,
          abyss_entry, cheibriados_altar_1, uniq_jory
Zot:1:    layout_onion_interference, ebering_ghost_reflecting_pool, st_stairs_4
Zot:2:    layout_onion_interference
Zot:3:    gammafunk_mikee_crab_dinner, layout_twisted_circle, uniq_josephina,
          uniq_vv
Zot:4:    layout_onion, regret_index_zotdec_tunneler,
          regret_index_zotdec_misc_clamp
Zot:5:    layout_cathedral_of_symmetry

Notes
Turn   | Place    | Note
-------+----------+-------------------------------------------
     0 | D:1      | MackTheKnife the Coglin Wanderer began the quest for the
                  | Orb.
     0 | D:1      | MackTheKnife set off with the following items: a +0 dagger
                  | {Luis}, a scroll of vulnerability {!r!r}, a potion of
                  | curing {@q1}, a +0 leather armour, a wand of flame (21), a
                  | +0 dagger {Fernanda}; and the following spell memorised:
                  | Slow; and the following spells available to memorise:
                  | Dazzling Flash.
     0 | D:1      | Reached XP level 1. HP: 13/13 MP: 4/4
     0 | D:1      | magus.rc [v1.9.6]
    60 | D:1      | Reached skill level 1 in Fighting
    90 | D:1      | Reached XP level 2. HP: 20/21 MP: 5/5
   146 | D:1      | Reached skill level 2 in Fighting
   369 | D:1      | magus.rc [v1.9.6]
   570 | D:2      | HP: 5/23 [ribbon worm (7)]
   572 | D:2      | Reached XP level 3. HP: 7/28 MP: 7/7
   943 | D:2      | You pick up a book of Frost and begin reading...
   943 | D:2      | You add the spells Freeze, Frozen Ramparts and Hailstorm to
                  | your library.
   992 | D:2      | You pick up a book of Blood and begin reading...
   992 | D:2      | You add the spells Call Imp, Sublimation of Blood and
                  | Summon Hydra to your library.
  1003 | D:2      | You pick up a book of Callings and begin reading...
  1003 | D:2      | You add the spells Summon Small Mammal, Call Canine
                  | Familiar and Summon Blazeheart Golem to your library.
  1024 | D:2      | Reached skill level 3 in Fighting
  1027 | D:2      | Found The Oracle's Delphic Readings.
  1135 | D:2      | You pick up a book of Armaments and begin reading...
  1135 | D:2      | You add the spells Stone Arrow, Animate Armour and
                  | Lehudib's Crystal Spear to your library.
  1491 | D:2      | Reached XP level 4. HP: 35/35 MP: 8/8
  1609 | D:2      | Noticed Terence
  1621 | D:2      | Killed Terence
  1622 | D:2      | Reached skill level 4 in Fighting
  1979 | D:3      | Noticed a scorpion
  1992 | D:3      | Killed a scorpion
  1993 | D:3      | Reached skill level 5 in Fighting
  1993 | D:3      | Reached XP level 5. HP: 19/44 MP: 9/9
  1999 | D:3      | HP: 11/44 [poisoned by a scorpion]
  2386 | D:3      | Reached skill level 1 in Short Blades
  2737 | D:3      | Found a faded altar of an unknown god.
  2811 | D:4      | You pick up a book of Debilitation and begin reading...
  2811 | D:4      | You add the spells Vampiric Draining and Confusing Touch to
                  | your library.
  3051 | D:4      | Found a shadowy altar of Dithmenos.
  3112 | D:4      | Reached skill level 2 in Short Blades
  3112 | D:4      | Reached XP level 6. HP: 46/51 MP: 10/10
  3678 | D:4      | HP: 9/51 [orc priest/+0 falchion (5)]
  4013 | D:4      | Reached skill level 3 in Short Blades
  4437 | D:4      | Reached skill level 4 in Short Blades
  4548 | D:5      | Entered Level 5 of the Dungeon
  4658 | D:5      | Reached XP level 7. HP: 56/56 MP: 11/11
  4959 | D:5      | HP: 5/56 [orc priest/divine providence (11)]
  5117 | D:5      | You pick up a book of Necromancy and begin reading...
  5117 | D:5      | You add the spells Necrotise, Martyr's Knell and Curse of
                  | Agony to your library.
  5296 | D:5      | Reached skill level 5 in Short Blades
  5447 | D:2      | Bought a scroll of brand weapon for 123 gold pieces
  5695 | D:5      | HP: 9/56 [water moccasin (6)]
  5696 | D:5      | HP: 2/56 [water moccasin (7)]
  5700 | D:5      | Reached skill level 6 in Short Blades
  5928 | D:5      | Reached XP level 8. HP: 37/62 MP: 12/12
  6119 | D:5      | Reached skill level 7 in Short Blades
  6748 | D:6      | Found a staircase to the Ecumenical Temple.
  6755 | D:6      | Reached skill level 8 in Short Blades
  6762 | Temple   | Found a transporter.
  6762 | Temple   | Found a transporter.
  6762 | Temple   | Found a transporter.
  6762 | Temple   | Found a transporter.
  6762 | Temple   | Entered the Ecumenical Temple
  6778 | Temple   | Became a worshipper of Warmaster Okawaru
  6822 | D:6      | Reached skill level 1 in Dodging
  6828 | D:6      | You pick up a book of Scorching and begin reading...
  6828 | D:6      | You add the spells Scorch and Flame Wave to your library.
  6873 | D:6      | Reached skill level 2 in Dodging
  6896 | D:6      | Reached skill level 3 in Dodging
  7047 | D:6      | Reached XP level 9. HP: 68/68 MP: 13/13
  7168 | D:6      | Noticed Jeremiah
  7258 | D:6      | Reached skill level 4 in Dodging
  7420 | D:6      | Found Walielah's Antique Armour Emporium.
  7605 | D:7      | Noticed a hornet
  7606 | D:7      | a hornet changed into a golden eye
  7626 | D:7      | Reached * piety under Okawaru
  7627 | D:7      | Reached skill level 5 in Dodging
  7741 | D:7      | Noticed Prince Ribbit
  7749 | D:7      | Killed Prince Ribbit
  7776 | D:7      | Noticed Menkaure
  7783 | D:7      | Killed Menkaure
  7784 | D:7      | Reached skill level 6 in Dodging
  7876 | D:7      | Identified a scroll of acquirement
  7876 | D:7      | Acquired a +3 quick blade of freezing
  8156 | D:7      | Found a radiant altar of Vehumet.
  8164 | D:7      | Reached ** piety under Okawaru
  8379 | D:8      | Reached skill level 6 in Fighting
  8858 | D:8      | Found a shimmering blue altar of Sif Muna.
  9061 | D:8      | Reached skill level 9 in Short Blades
  9065 | D:8      | Reached XP level 10. HP: 74/77 MP: 14/14
  9113 | D:8      | Reached skill level 7 in Fighting
  9123 | D:8      | HP: 19/79 [orc warrior/+2 long sword of holy wrath (14)]
  9403 | D:8      | Noticed a two-headed ogre
  9420 | D:8      | Killed a two-headed ogre
  9420 | D:8      | Reached *** piety under Okawaru
  9421 | D:8      | Reached skill level 10 in Short Blades
 10378 | D:9      | Noticed an orange demon
 10393 | D:9      | Killed an orange demon
 10394 | D:9      | Reached skill level 8 in Fighting
 10413 | D:9      | HP: 18/80 [hellwing (6)]
 10651 | D:9      | Noticed Gastronok
 10682 | D:9      | Killed Gastronok
 10682 | D:9      | Reached **** piety under Okawaru
 10683 | D:9      | Reached skill level 9 in Fighting
 10854 | D:9      | Reached skill level 10 in Fighting
 10877 | D:9      | You pick up a book of Dreams and begin reading...
 10877 | D:9      | You add the spells Ensorcelled Hibernation, Fugue of the
                  | Fallen and Anguish to your library.
 10992 | D:9      | Reached skill level 1 in Armour
 10992 | D:9      | Reached XP level 11. HP: 86/90 MP: 15/15
 10996 | D:9      | Reached skill level 2 in Armour
 11050 | D:9      | Noticed Erolcha
 11142 | D:9      | HP: 15/90 [ice devil (11)]
 11158 | D:9      | HP: 21/90 [ice devil (13)]
 11160 | D:9      | Reached skill level 3 in Armour
 11849 | D:9      | Reached ***** piety under Okawaru
 11878 | D:10     | Entered Level 10 of the Dungeon
 11878 | D:10     | Noticed Sonja
 11879 | D:10     | Sonja changed into Sonja the entropy weaver
 11879 | D:10     | Noticed Sonja
 11881 | D:10     | Sonja the entropy weaver changed into Sonja the sky beast
 11881 | D:10     | Noticed Sonja
 11887 | D:10     | Killed Sonja the sky beast
 11896 | D:10     | Found a basalt altar of Yredelemnul.
 11944 | D:10     | Noticed a soul eater
 11955 | D:10     | Noticed Maurice
 12412 | D:10     | Noticed Joseph
 12421 | D:10     | Killed Joseph
 12422 | D:10     | Reached skill level 11 in Short Blades
 12471 | D:10     | Found a sacrificial altar of Ru.
 12528 | D:10     | Noticed Nergalle
 12548 | D:10     | HP: 20/80 [spectral orc warrior/+0 trident[Nergalle] (6)]
 12553 | D:10     | HP: 13/78 [spectral orc warrior/+0 trident[Nergalle] (5)]
 12789 | D:10     | Maurice changed into Maurice the warg
 12789 | D:10     | Noticed Maurice
 12795 | D:10     | Killed Maurice the warg
 12795 | D:10     | Received a gift from Okawaru
 12858 | D:10     | Killed Nergalle
 13219 | D:10     | You pick up a book of Weapons and begin reading...
 13219 | D:10     | You add the spells Dimensional Bullseye and Iskenderun's
                  | Mystic Blast to your library.
 13279 | D:10     | Noticed a centaur warrior
 13280 | D:10     | Reached skill level 12 in Short Blades
 13287 | D:10     | Killed a centaur warrior
 13534 | D:10     | Noticed a two-headed ogre
 13544 | D:10     | Killed a two-headed ogre
 13865 | D:11     | Found a staircase to the Lair.
 13966 | D:11     | Reached skill level 13 in Short Blades
 13966 | D:11     | Reached XP level 12. HP: 54/97 MP: 16/16
 14162 | D:11     | Found a staircase to the Orcish Mines.
 14495 | D:11     | Received a gift from Okawaru
 14558 | Lair:1   | Entered Level 1 of the Lair of Beasts
 14857 | Lair:1   | Reached skill level 14 in Short Blades
 15601 | Lair:1   | You pick up a book of Callings and begin reading...
 16076 | Lair:2   | Noticed Urug
 16076 | Lair:2   | Noticed a boulder beetle
 16095 | Lair:2   | Killed a boulder beetle
 16096 | Lair:2   | Reached skill level 7 in Dodging
 16162 | Lair:2   | Killed Urug
 16162 | Lair:2   | Received a gift from Okawaru
 16307 | Lair:2   | Noticed a seven-headed hydra
 16326 | Lair:1   | Reached skill level 11 in Fighting
 16439 | Lair:2   | Killed a seven-headed hydra
 16676 | Lair:2   | Reached ****** piety under Okawaru
 16677 | Lair:2   | Acquired a +4 rapier of holy wrath
 16677 | Lair:2   | Received a gift from Okawaru
 16683 | Lair:2   | Reached skill level 8 in Dodging
 16685 | Lair:2   | Acquired the +2 pair of boots "Vaxtemop" {Dex+3}
 16685 | Lair:2   | Received a gift from Okawaru
 16711 | Lair:2   | Found a staircase to the Snake Pit.
 16843 | Lair:2   | Reached skill level 2 in Invocations
 16843 | Lair:2   | Reached XP level 13. HP: 86/106 MP: 17/17
 17074 | Lair:2   | Reached skill level 3 in Invocations
 17330 | Lair:2   | Found a staircase to the Swamp.
 17754 | Lair:3   | Reached skill level 4 in Invocations
 17827 | Lair:3   | You pick up a book of Displacement and begin reading...
 17827 | Lair:3   | You add the spells Lesser Beckoning, Gell's Gravitas and
                  | Teleport Other to your library.
 18549 | Lair:3   | Reached skill level 5 in Invocations
 18597 | Lair:3   | You pick up a book of Battle and begin reading...
 18597 | Lair:3   | You add the spells Ozocubu's Armour and Manifold Assault to
                  | your library.
 18692 | Lair:3   | Received a gift from Okawaru
 18873 | Lair:4   | Identified the +1 robe of Moral Flaws {Rampage Str+2}
 18945 | Lair:4   | Reached skill level 6 in Invocations
 19423 | Lair:4   | Reached skill level 7 in Invocations
 19512 | Lair:5   | Entered Level 5 of the Lair of Beasts
 19550 | Lair:5   | You pick up a book of Weapons and begin reading...
 19653 | Lair:5   | Received a gift from Okawaru
 19654 | Lair:5   | Reached skill level 8 in Invocations
 20251 | Lair:5   | Reached skill level 9 in Invocations
 20426 | Lair:5   | Reached XP level 14. HP: 113/113 MP: 19/21
 20426 | Lair:5   | Acquired a gyroramjet Mk.18 {rF+ rC+ Clar RMsl}
 20779 | Lair:5   | Found a runed translucent door.
 20780 | Lair:5   | Found a viscous altar of Jiyva.
 20821 | Lair:5   | Noticed an azure jelly
 20836 | Lair:5   | Found a staircase to the Slime Pits.
 20836 | Lair:5   | Noticed an azure jelly
 20836 | Lair:5   | Noticed an azure jelly
 20899 | Lair:5   | Reached skill level 10 in Invocations
 20992 | Lair:5   | Received a gift from Okawaru
 21474 | Orc:1    | Entered Level 1 of the Orcish Mines
 21474 | Orc:1    | Noticed an orc warlord
 21603 | D:11     | Killed an orc warlord
 22154 | Orc:2    | Entered Level 2 of the Orcish Mines
 22229 | Orc:2    | Found a staircase to the Elven Halls.
 22309 | Orc:2    | Reached skill level 12 in Fighting
 22605 | Orc:2    | Reached skill level 9 in Dodging
 23141 | Orc:2    | Received a gift from Okawaru
 23343 | Orc:2    | Found Lyoczoez's Antique Armour Boutique.
 23343 | Orc:2    | Found Egreoxzo's General Store.
 23374 | Orc:2    | Found Gyic's Antique Weapon Emporium.
 23376 | Orc:2    | Found Medor's Book Shop.
 23381 | Orc:2    | Bought 2 scrolls of enchant weapon for 195 gold pieces
 23395 | Orc:2    | Bought a transparent ring mail for 261 gold pieces
 23395 | Orc:2    | Identified the +6 ring mail of the Desolation of Salt
                  | {Int+6} (You bought it in a shop on level 2 of the Orcish
                  | Mines)
 25035 | D:12     | Received a gift from Okawaru
 25036 | D:12     | Reached skill level 13 in Fighting
 25155 | D:12     | Noticed a deep elf annihilator
 25161 | D:12     | Reached skill level 10 in Dodging
 25253 | D:12     | Killed a deep elf annihilator
 25258 | D:12     | Identified the +1 dagger of Urames {elec, Str+2 Int+2}
 25265 | D:12     | Identified the ring of the Giraffatuar {rCorr AC+4}
 25500 | D:13     | Reached XP level 15. HP: 124/124 MP: 22/22
 25560 | D:13     | Found a gate to the Vaults.
 25864 | D:13     | You pick up a book of Storms and begin reading...
 25864 | D:13     | You add the spells Static Discharge and Airstrike to your
                  | library.
 25915 | D:13     | Received a gift from Okawaru
 25995 | D:13     | Noticed Lodul
 26010 | D:13     | Killed Lodul
 26013 | D:13     | Reached skill level 11 in Dodging
 26192 | D:13     | You pick up a book of the Earth and begin reading...
 26192 | D:13     | You add the spells Leda's Liquefaction, Lee's Rapid
                  | Deconstruction and Permafrost Eruption to your library.
 26221 | D:13     | Reached skill level 14 in Fighting
 26356 | D:13     | Gained mutation: Your flesh is cold resistant. (rC+)
                  | [potion of mutation]
 26356 | D:13     | Gained mutation: You are dopey. (Int -2) [potion of
                  | mutation]
 26651 | D:14     | Found Gonirch's Firing Range.
 26774 | D:14     | Identified the +1 short sword "Keixufat" {flame, Will+}
 27227 | D:15     | Entered Level 15 of the Dungeon
 27276 | D:15     | Found Omuets's Antique Armour Emporium.
 27363 | D:15     | Received a gift from Okawaru
 27364 | D:15     | Reached skill level 12 in Dodging
 27631 | D:15     | Reached skill level 4 in Armour
 27741 | D:15     | Found a staircase to the Depths.
 27970 | D:15     | Reached skill level 5 in Armour
 28125 | D:15     | You pick up a book of Debilitation and begin reading...
 28225 | D:15     | Reached skill level 6 in Armour
 28430 | D:15     | Received a gift from Okawaru
 28908 | Lair:1   | Lost mutation: You are dopey. (Int -2) [potion of mutation]
 28908 | Lair:1   | Lost mutation: Your flesh is cold resistant. (rC+) [potion
                  | of mutation]
 28908 | Lair:1   | Gained mutation: You occasionally lose the ability to drink
                  | potions when taking damage. [potion of mutation]
 28908 | Lair:1   | Gained mutation: Your mind is acute. (Int +4, Str/Dex -1)
                  | [potion of mutation]
 28908 | Lair:1   | Gained mutation: You are robust. (+10% HP) [potion of
                  | mutation]
 28909 | Lair:1   | Lost mutation: You occasionally lose the ability to drink
                  | potions when taking damage. [potion of mutation]
 28909 | Lair:1   | Lost mutation: Your mind is acute. (Int +4, Str/Dex -1)
                  | [potion of mutation]
 28909 | Lair:1   | Gained mutation: You are strong-willed. (Will+) [potion of
                  | mutation]
 28991 | Snake:1  | Entered Level 1 of the Snake Pit
 28992 | Snake:1  | magus.rc [v1.9.6]
 29031 | Snake:1  | Reached skill level 7 in Armour
 29074 | Snake:1  | magus.rc [v1.9.6]
 29323 | Snake:1  | Reached skill level 8 in Armour
 29649 | Snake:1  | Reached XP level 16. HP: 144/146 MP: 15/23
 29963 | Snake:1  | Received a gift from Okawaru
 29973 | Snake:1  | Reached skill level 9 in Armour
 29973 | Snake:1  | Found Sisaogoych's Assorted Antiques.
 30005 | Snake:1  | Bought a spiked ring mail for 315 gold pieces
 30005 | Snake:1  | Identified the +3 ring mail of Hobuc {rF+} (You bought it
                  | in a shop on level 1 of the Snake Pit)
 30263 | Snake:1  | Reached skill level 10 in Armour
 30694 | Snake:1  | Reached skill level 6 in Evocations
 31089 | Snake:2  | Found a transporter.
 31107 | Snake:2  | HP: 29/146 [salamander/+3 spear (10)]
 31108 | Snake:2  | Received a gift from Okawaru
 31109 | Snake:2  | Reached skill level 7 in Evocations
 31279 | Snake:2  | Found a glacial archway.
 31299 | Snake:2  | Reached skill level 8 in Evocations
 31343 | IceCv    | Entered an ice cave
 31708 | IceCv    | Reached skill level 9 in Evocations
 32153 | IceCv    | Reached skill level 10 in Evocations
 32623 | IceCv    | Reached skill level 11 in Evocations
 32652 | IceCv    | Received a gift from Okawaru
 32836 | IceCv    | Identified the blade talisman "Tyalac" {Int+2}
 32943 | Snake:2  | Reached skill level 12 in Evocations
 33029 | Snake:2  | Reached skill level 13 in Evocations
 33233 | Snake:2  | Received a gift from Okawaru
 33238 | Snake:2  | HP: 36/146 [poisoned by a naga ritualist (toxic radiance)]
 33244 | Snake:2  | HP: 34/146 [poisoned by a naga ritualist (toxic radiance)]
 33253 | Snake:2  | HP: 36/146 [naga mage/splash of poison (2)]
 33258 | Snake:2  | HP: 23/146 [poisoned by a naga (splash of poison)]
 33263 | Snake:2  | HP: 19/146 [poisoned by a naga (splash of poison)]
 33591 | Snake:2  | Reached XP level 17. HP: 133/152 MP: 24/24
 33619 | Snake:2  | Reached skill level 14 in Evocations
 33640 | Snake:2  | HP: 38/152 [poisoned by a naga warrior (splash of poison)]
 33645 | Snake:2  | HP: 34/152 [poisoned by a naga warrior (splash of poison)]
 34009 | Snake:2  | Reached skill level 2 in Stealth
 34034 | Snake:2  | Reached skill level 3 in Stealth
 34165 | Snake:2  | Reached skill level 4 in Stealth
 34384 | Snake:2  | Found a transporter.
 34429 | Snake:2  | Found a snail-covered altar of Cheibriados.
 34740 | Snake:2  | Reached skill level 5 in Stealth
 35163 | Snake:3  | Received a gift from Okawaru
 35311 | Snake:3  | Reached skill level 6 in Stealth
 35565 | Snake:3  | Noticed Donald
 35572 | Snake:3  | Killed Donald
 35579 | Snake:3  | Reached skill level 7 in Stealth
 35599 | Snake:3  | HP: 38/152 [black mamba[a naga ritualist] (11)]
 35604 | Snake:3  | HP: 19/152 [poisoned by a naga ritualist (toxic radiance)]
 36288 | Snake:3  | Noticed Asterion
 36299 | Snake:3  | Killed Asterion
 36314 | Snake:3  | Received a gift from Okawaru
 36321 | Snake:3  | Reached skill level 8 in Stealth
 36595 | Snake:4  | Entered Level 4 of the Snake Pit
 37853 | Snake:4  | Received a gift from Okawaru
 37905 | Snake:4  | Found Amiygh's Self-Improvement Boutique.
 37920 | Snake:4  | Reached skill level 13 in Dodging
 37999 | Snake:4  | Bought a manual of Fighting for 1120 gold pieces
 37999 | Snake:4  | Bought a manual of Fighting for 1120 gold pieces
 38452 | Snake:4  | Reached XP level 18. HP: 143/161 MP: 25/25
 38503 | Snake:4  | Reached skill level 15 in Fighting
 39489 | Snake:4  | Reached skill level 16 in Fighting
 39489 | Snake:4  | Reached skill level 14 in Dodging
 39707 | Snake:4  | Got a serpentine rune of Zot
 39889 | Snake:4  | Upgraded the game from 0.32-a0-711-g016ad743e0 to
                  | 0.32-a0-732-ga344392067
 39889 | Snake:4  | magus.rc [v1.9.6]
 40086 | Swamp:1  | Entered Level 1 of the Swamp
 40164 | Swamp:1  | Reached skill level 17 in Fighting
 40267 | Swamp:1  | Noticed Frances
 40282 | Swamp:1  | Killed Frances
 40438 | Swamp:1  | Noticed Roxanne
 40599 | Swamp:1  | Identified the serpent talisman of Absence {Fly Str+4}
 40599 | Swamp:1  | Noticed Aizul
 40629 | Swamp:1  | Killed Aizul
 41183 | Swamp:1  | Killed Roxanne
 41265 | Swamp:1  | magus.rc [v1.9.6]
 41285 | Swamp:2  | Noticed a tentacled monstrosity
 41299 | Swamp:2  | Killed a tentacled monstrosity
 41300 | Swamp:2  | Reached skill level 18 in Fighting
 41689 | Swamp:2  | Noticed Mlioglotl
 41712 | Swamp:2  | Killed Mlioglotl
 41950 | Swamp:2  | You pick up a book of Spectacle and begin reading...
 41950 | Swamp:2  | You add the spells Starburst and Maxwell's Capacitive
                  | Coupling to your library.
 42117 | Swamp:2  | You add the spells Alistair's Intoxication, Borgnjor's Vile
                  | Clutch and Eringya's Noxious Bog to your library.
 42144 | Swamp:2  | Reached skill level 19 in Fighting
 42811 | Swamp:3  | Identified the ring of Tempters {rC+ Int+5}
 43244 | Swamp:3  | Reached skill level 20 in Fighting
 43442 | Swamp:3  | You add the spells Borgnjor's Revivification and Death's
                  | Door to your library.
 43667 | Swamp:3  | Reached XP level 19. HP: 55/187 MP: 26/26
 43689 | Swamp:3  | HP: 9/187 [thorn hunter/volley of thorns (41)]
 43826 | Swamp:3  | Received a gift from Okawaru
 43998 | Swamp:3  | magus.rc [v1.9.6]
 44054 | Swamp:3  | Noticed a tentacled monstrosity
 44078 | Swamp:3  | Killed a tentacled monstrosity
 44079 | Swamp:3  | Reached skill level 21 in Fighting
 44333 | Swamp:3  | Noticed a tentacled monstrosity
 44365 | Swamp:3  | Killed a tentacled monstrosity
 44444 | Swamp:3  | Acquired a manual of Stealth
 44703 | Swamp:3  | Received a gift from Okawaru
 44828 | Swamp:4  | Entered Level 4 of the Swamp
 45480 | Swamp:4  | Reached skill level 9 in Stealth
 45489 | Swamp:4  | Reached skill level 22 in Fighting
 45642 | Swamp:4  | Noticed the 27-headed Lernaean hydra
 46104 | Swamp:4  | Reached skill level 10 in Stealth
 46211 | Swamp:4  | Acquired the +3 Elemental Staff {ele, rElec rF+ rC+ AC+3}
 46211 | Swamp:4  | Found the +3 Elemental Staff {ele, rElec rF+ rC+ AC+3}
 46486 | Swamp:4  | Reached skill level 1 in Staves
 46490 | Swamp:4  | Found a runed translucent gate.
 46491 | Swamp:4  | Found a runed translucent gate.
 46520 | Swamp:4  | Found a runed translucent gate.
 46520 | Swamp:4  | Noticed Leszczynek's ghost (adept OnAl)
 46670 | Swamp:3  | magus.rc [v1.9.6]
 46874 | Vaults:1 | Entered Level 1 of the Vaults
 46962 | Vaults:1 | Reached skill level 2 in Staves
 47147 | Vaults:1 | Received a gift from Okawaru
 47148 | Vaults:1 | Reached skill level 3 in Staves
 47171 | Vaults:1 | Noticed Nikola
 47182 | Vaults:1 | Reached skill level 4 in Staves
 47202 | Vaults:1 | Killed Nikola
 47477 | Vaults:1 | Reached skill level 5 in Staves
 47699 | Vaults:1 | Reached skill level 6 in Staves
 48291 | Vaults:2 | Found Qareulouth's Assorted Antiques.
 48300 | Vaults:2 | Bought a translucent rapier for 306 gold pieces
 48300 | Vaults:2 | Identified the +6 rapier of the Lurker {antimagic, Will+
                  | Str+3 Dex+3 Stlth+} (You bought it in a shop on level 2 of
                  | the Vaults)
 48398 | Vaults:2 | Bought a scroll labelled AFOONE HEUME for 34 gold pieces
 48461 | Vaults:2 | Found Mokh's Book Shoppe.
 48686 | Vaults:1 | Reached skill level 11 in Stealth
 48969 | Vaults:1 | Reached XP level 20. HP: 161/202 MP: 9/27
 49207 | Vaults:2 | Reached skill level 12 in Stealth
 49453 | Vaults:2 | Reached skill level 13 in Stealth
 49751 | Vaults:2 | Found Bomimagg's Magic Scroll Emporium.
 49774 | Vaults:2 | Received a gift from Okawaru
 49809 | Vaults:2 | Reached skill level 14 in Stealth
 49868 | Vaults:2 | Bought a scroll of teleportation for 42 gold pieces
 49868 | Vaults:2 | Bought a scroll of blinking for 105 gold pieces
 49976 | Vaults:2 | Found Pot Aqis's Weapon Shoppe.
 50638 | Vaults:2 | Found Hunnix's Assorted Antiques.
 50643 | Vaults:2 | Bought a scroll of enchant weapon for 210 gold pieces
 50708 | Vaults:2 | Reached skill level 11 in Armour
 50768 | Vaults:2 | Found Lucvis's Magic Scroll Shoppe.
 50780 | Vaults:2 | Bought a scroll of enchant weapon for 105 gold pieces
 50780 | Vaults:2 | Bought a scroll of teleportation for 42 gold pieces
 50780 | Vaults:2 | Bought a scroll of teleportation for 42 gold pieces
 50780 | Vaults:2 | Bought a scroll of revelation for 105 gold pieces
 50912 | Vaults:3 | Received a gift from Okawaru
 51114 | Vaults:3 | Found Igunt's General Store.
 51117 | Vaults:3 | Bought a scroll of teleportation for 42 gold pieces
 51400 | Vaults:3 | Noticed Margery
 51413 | Vaults:3 | Reached skill level 12 in Armour
 51425 | Vaults:3 | Killed Margery
 51526 | Vaults:3 | Noticed Xtahua
 51550 | Vaults:3 | Killed Xtahua
 51560 | Vaults:3 | Reached skill level 15 in Dodging
 51809 | Vaults:3 | Found Luont's Magic Scroll Shoppe.
 51818 | Vaults:3 | Found Tetunle's Armour Boutique.
 51971 | Vaults:3 | Found Qivifeot's General Store.
 52137 | Vaults:3 | Found a staircase to the Crypt.
 52203 | Vaults:3 | Found Laesy's Jewellery Boutique.
 52233 | Vaults:3 | Reached XP level 21. HP: 200/209 MP: 9/28
 52527 | Vaults:3 | Got Zaov Oth's Anthology of the Voltaic Iceberg
 52551 | Vaults:3 | You pick up a book of Storms and begin reading...
 52874 | Vaults:3 | magus.rc [v1.9.6]
 52939 | Vaults:4 | Reached skill level 16 in Dodging
 53033 | Vaults:4 | Found a runed translucent gate.
 53033 | Vaults:4 | Found a runed translucent gate.
 53034 | Vaults:4 | Found a runed translucent gate.
 53278 | Vaults:4 | Received a gift from Okawaru
 53450 | Vaults:4 | Found a runed translucent gate.
 53450 | Vaults:4 | Found a runed translucent gate.
 53456 | Vaults:4 | Found a runed translucent gate.
 53460 | Vaults:4 | Noticed Hociexiyce's ghost (veteran DjFE)
 53508 | Vaults:4 | Killed Hociexiyce's ghost
 53521 | Vaults:4 | Identified the +0 cloak "Deoneodo" {Str+2}
 53835 | Vaults:4 | Reached skill level 17 in Dodging
 54185 | Vaults:4 | Received a gift from Okawaru
 54976 | Vaults:4 | Received a gift from Okawaru
 55154 | Vaults:4 | Reached skill level 18 in Dodging
 55320 | Vaults:4 | Noticed Mennas
 55389 | Vaults:4 | Killed Mennas
 55643 | Vaults:4 | magus.rc [v1.9.6]
 55807 | Elf:1    | Entered Level 1 of the Elven Halls
 55958 | Elf:1    | Reached XP level 22. HP: 179/217 MP: 9/29
 56248 | Elf:1    | Reached skill level 19 in Dodging
 56277 | Elf:1    | Noticed Agnes
 56284 | Elf:1    | Killed Agnes
 56403 | Elf:1    | Identified the +1 scimitar of Qazlal's Envy {vamp, rPois
                  | rF+}
 56483 | Elf:1    | Received a gift from Okawaru
 56570 | Elf:1    | Paralysed by an air elemental for 1 turns
 57013 | Elf:1    | Found an ancient bone altar of Kikubaaqudgha.
 57019 | Elf:1    | Identified the +5 hand axe "Ynatt" {spect, Str+4}
 57079 | Elf:2    | Found a runed translucent gate.
 57079 | Elf:2    | Found a runed translucent gate.
 57079 | Elf:2    | Found a runed translucent gate.
 57791 | Elf:3    | Entered Level 3 of the Elven Halls
 58075 | Elf:3    | Reached skill level 20 in Dodging
 58092 | Elf:3    | Found Bol Zypt's Magic Scroll Shop.
 58622 | Elf:3    | Identified the ring of Ecrarac {rElec rPois}
 58917 | Elf:3    | Identified the +6 chain mail "Mapy" {*Corrode rF+ Dex+2
                  | Stlth+}
 58941 | Elf:3    | Received a gift from Okawaru
 59078 | Elf:3    | a deep elf annihilator comes into view. It is wielding the
                  | +7 mace of Variability {chaos, chaos arc}.
 59229 | Elf:3    | Identified the +2 war axe of the Many Wonders {antimagic,
                  | Str+5}
 59568 | Elf:3    | Identified the +1 ring mail of Noakock {^Drain Fly Will++
                  | Int+3}
 59575 | Elf:3    | Identified the +0 chain mail "Muvaly" {Will+}
 59582 | Elf:3    | Got the Handbook of Location and Frostbite
 59587 | Elf:3    | Got the Anthology of the Lapidary Swarm
 59900 | Vaults:3 | Bought the +9 ring mail of the Mantidfly {Dex+3} for 872
                  | gold pieces
 60061 | Depths:1 | Entered Level 1 of the Depths
 60085 | Depths:1 | Noticed Sojobo
 60086 | Depths:1 | Identified the +3 leather armour of Noughts and Crosses
                  | {rPois rF+ rC- Regen+}
 60112 | Depths:1 | Killed Sojobo
 60202 | D:15     | Reached skill level 21 in Dodging
 60469 | D:15     | Reached skill level 15 in Stealth
 60533 | D:15     | Received a gift from Okawaru
 60673 | Depths:1 | Reached XP level 23. HP: 208/225 MP: 10/30
 60878 | Depths:1 | Found a one-way gateway to a ziggurat.
 60930 | Depths:1 | Found a runed translucent gate.
 60930 | Depths:1 | Found a runed translucent gate.
 60930 | Depths:1 | Found a runed translucent gate.
 60931 | Depths:1 | Found an opulent altar of Gozag.
 60932 | Depths:1 | Found Vyrchy's Assorted Antiques.
 60932 | Depths:1 | Noticed a golden dragon
 60933 | Depths:1 | Noticed Heokhletz's ghost (veteran OnGl)
 60933 | Depths:1 | Noticed a caustic shrike
 60933 | Depths:1 | Noticed a golden dragon
 60940 | Depths:1 | Found Xucovargh's Assorted Antiques.
 60956 | Depths:1 | Killed a caustic shrike
 60964 | Depths:1 | Killed a golden dragon
 60994 | Depths:1 | Killed Heokhletz's ghost
 61017 | Depths:1 | Killed a golden dragon
 61210 | Depths:1 | Bought a scroll of blinking for 255 gold pieces
 61210 | Depths:1 | Bought a scroll of revelation for 255 gold pieces
 61282 | Depths:1 | Noticed Bai Suzhen
 61303 | Depths:1 | Killed Bai Suzhen
 61459 | Depths:1 | Found Bagg's Armour Shop.
 61464 | Depths:1 | Found Buddum's Book Shop.
 61533 | Depths:1 | Reached skill level 16 in Stealth
 61660 | Depths:1 | Found a gateway to Hell.
 62005 | Depths:2 | magus.rc [v1.9.6]
 62428 | Depths:2 | Reached skill level 17 in Stealth
 62460 | Depths:2 | Received a gift from Okawaru
 62685 | Depths:2 | You pick up a book of Storms and begin reading...
 62731 | Depths:2 | Identified the +9 war axe of Wubaa {venom, rC+}
 63197 | Depths:2 | Reached skill level 22 in Dodging
 63285 | Depths:2 | Found a one-way gate leading to the halls of Pandemonium.
 63351 | Depths:2 | Reached skill level 18 in Stealth
 63615 | Depths:2 | Acquired 1221 gold pieces
 63952 | Depths:3 | Reached skill level 23 in Fighting
 64022 | Depths:3 | Identified the +7 quarterstaff "Caveewnos" {heavy, Int+2
                  | Dex+3}
 64067 | Depths:3 | You pick up a book of Burglary and begin reading...
 64067 | Depths:3 | You add the spells Swiftness and Passwall to your library.
 64097 | Depths:3 | You pick up a book of the Hunter and begin reading...
 64125 | Depths:3 | You pick up a book of Spectacle and begin reading...
 64196 | Depths:3 | Reached XP level 24. HP: 220/235 MP: 10/30
 64205 | Depths:3 | Reached skill level 13 in Armour
 64328 | Depths:3 | Noticed Saint Roka
 64368 | Depths:3 | Killed Saint Roka
 64551 | Depths:3 | Found a stormy altar of Qazlal.
 64617 | Depths:3 | Reached skill level 14 in Armour
 64653 | Depths:3 | Found a stormy altar of Qazlal.
 64674 | Depths:3 | Found a transporter.
 64696 | Depths:3 | Identified the ring "Foramul" {Will+++ Int+6 Dex+3 Slay+2}
 64772 | Depths:3 | Found a basalt altar of Yredelemnul.
 64776 | Depths:3 | Reached skill level 15 in Armour
 64776 | Depths:3 | Found a transporter.
 64800 | Depths:3 | Received a gift from Okawaru
 64865 | Depths:3 | Identified the ring "Womiuj" {rElec rPois Str+4 Dex+6
                  | Slay+2}
 64893 | Depths:3 | Identified the +2 pair of boots of the Enormous Baku
                  | {rElec}
 65015 | Depths:4 | Entered Level 4 of the Depths
 65061 | Depths:4 | Reached skill level 16 in Armour
 65274 | Depths:4 | Reached skill level 17 in Armour
 65328 | Depths:4 | Found a gate to the Realm of Zot.
 65573 | Depths:4 | Reached skill level 18 in Armour
 65627 | Depths:4 | Found a snail-covered altar of Cheibriados.
 65896 | Depths:4 | Noticed a juggernaut
 65896 | Depths:4 | Noticed a juggernaut
 65927 | Depths:4 | Killed a juggernaut
 65945 | Depths:4 | Killed a juggernaut
 66208 | Depths:4 | Noticed Jory
 66445 | Depths:4 | Noticed a juggernaut
 66452 | Depths:4 | Killed a juggernaut
 66472 | Depths:4 | Reached skill level 11 in Invocations
 66870 | Vaults:4 | magus.rc [v1.9.6]
 66884 | Vaults:5 | Entered Level 5 of the Vaults
 66914 | Vaults:5 | Noticed a dread lich
 66925 | Vaults:5 | Killed a dread lich
 66927 | Vaults:5 | Noticed a dread lich
 66952 | Vaults:5 | Killed a dread lich
 67002 | Vaults:5 | Reached XP level 25. HP: 178/243 MP: 7/31
 67025 | Vaults:5 | Identified the +5 scale mail of the Desert {rF+ Str-3 Int+2
                  | Slay+2}
 67039 | Vaults:5 | Reached skill level 19 in Armour
 67173 | Vaults:5 | Identified +0 gold dragon scales
 67208 | Vaults:5 | Identified the amulet "Ibynu" {Acrobat -Tele rN+ Dex+6
                  | Stlth+}
 67292 | Vaults:5 | Identified the +0 steam dragon scales "Qyen" {rElec rF-
                  | Str+4 Dex+3}
 67320 | Vaults:5 | quicksilver dragon scales {rare}; a quicksilver dragon
                  | corpse
 67462 | Vaults:5 | Received a gift from Okawaru
 67538 | Vaults:5 | You add the spells Yara's Violent Unravelling and Discord
                  | to your library.
 67538 | Vaults:5 | Got the Incunable of Transmutation and Omens
 67540 | Vaults:5 | You pick up a book of the Earth and begin reading...
 67630 | Vaults:5 | You pick up a book of Fire and begin reading...
 67630 | Vaults:5 | You add the spells Foxfire and Plasma Beam to your library.
 67650 | Vaults:5 | Reached skill level 20 in Armour
 67996 | Vaults:5 | Got a silver rune of Zot
 68082 | Vaults:5 | Reached skill level 15 in Short Blades
 68130 | Vaults:5 | Gained mutation: You are clumsy. (Dex -2) [a shining eye]
 68159 | Vaults:5 | Reached skill level 15 in Evocations
 68374 | Vaults:5 | Noticed an ancient lich
 68375 | Vaults:5 | Reached skill level 16 in Evocations
 68398 | Vaults:5 | Killed an ancient lich
 68401 | Vaults:5 | Identified the +2 ring mail "Zialov" {rC+ Str+2 Stlth+}
 68497 | Vaults:5 | You pick up a book of the Senses and begin reading...
 68497 | Vaults:5 | You add the spells Mephitic Cloud and Silence to your
                  | library.
 69257 | Swamp:4  | Killed the 27-headed Lernaean hydra
 69258 | Swamp:4  | Reached skill level 17 in Evocations
 69370 | Swamp:4  | Identified the +4 glaive of Upheaval {vamp, Str+2}
 69406 | Swamp:4  | Got a decaying rune of Zot
 69900 | Zot:1    | Entered Level 1 of the Realm of Zot
 69956 | Zot:2    | quicksilver dragon scales {rare}; a quicksilver dragon
                  | corpse
 69993 | Zot:5    | Entered Level 5 of the Realm of Zot
 69994 | Zot:5    | Noticed an orb of fire
 70125 | Zot:5    | Reached skill level 18 in Evocations
 70141 | Zot:5    | Gained mutation: You are partially covered in iridescent
                  | scales. (AC +2) [an orb of fire]
 70153 | Zot:5    | Gained mutation: You possess an exceptional clarity of
                  | mind. [an orb of fire]
 70154 | Zot:5    | Killed an orb of fire
 70155 | Zot:5    | Reached XP level 26. HP: 134/250 MP: 6/31
 70176 | Zot:4    | Noticed an orb of fire
 70199 | Zot:5    | Reached skill level 19 in Evocations
 70582 | Zot:5    | Got a prismatic gem with 394 turns to spare
 70632 | Zot:5    | Got the Orb of Zot
 70633 | Zot:5    | Noticed a Killer Klown
 70633 | Zot:5    | Noticed an orb of fire
 70633 | Zot:5    | Noticed a Killer Klown
 70633 | Zot:5    | Noticed a Killer Klown
 70636 | Zot:5    | Noticed a Killer Klown
 70636 | Zot:5    | Noticed an electric golem
 70665 | Zot:4    | Killed an orb of fire
 70745 | Depths:4 | Reached skill level 20 in Evocations
 71162 | D:5      | Noticed Wulelen the pandemonium lord
 71318 | D:$      | Escaped with the Orb!

Vanquished Creatures
  2 dread liches (Vaults:5)
  2 orbs of fire
  An ancient lich (Vaults:5)
  3 juggernauts (Depths:4)
  Mennas (Vaults:4)
  Xtahua (Vaults:3)
  Sojobo (Depths:1)
  Bai Suzhen (Depths:1)
  The ghost of Heokhletz the Warrior, a veteran OnGl of Okawaru (Depths:1)
  the Lernaean hydra (Swamp:4)
  Saint Roka (Depths:3)
  A caustic shrike (Depths:1)
  Margery (Vaults:3)
  9 golden dragons
  The ghost of Hociexiyce the Spry, a veteran DjFE of Makhleb (Vaults:4)
  Nikola (Vaults:1)
  6 liches
  8 tentacled monstrosities
  2 walking crystal tomes
  Mlioglotl (Swamp:2)
  4 titans (Vaults:5)
  Asterion (Snake:3)
  2 walking earthen tomes
  2 deep elf master archers (Elf:3)
  An Executioner (D:2)
  5 quicksilver dragons
  2 deep elf blademasters (Elf:3)
  9 Orb Guardians
  2 sphinxes (Depths:2)
  A searing wretch (Vaults:3)
  Frances (Swamp:1)
  Gastronok (D:9)
  Agnes (Elf:1)
  A thorn hunter (Swamp:3)
  Aizul (Swamp:1)
  15 tengu reavers
  8 shadow dragons
  3 storm dragons
  4 death cobs
  Roxanne (Swamp:1)
  2 fenstrider witches
  3 draconian knights (Zot:5)
  Donald (Snake:3)
  5 nagarajas
  11 fire giants
  3 draconian scorchers (Zot:5)
  5 frost giants
  A balrug (Depths:1)
  5 deep elf sorcerers
  11 vault wardens
  4 draconian shifters (Zot:5)
  16 ironbound preservers
  7 iron dragons
  2 draconian annihilators
  5 deep elf elementalists (Elf:3)
  2 cacodemons (Vaults:4)
  8 draconian stormcallers
  14 very ugly things
  5 spriggan defenders
  A reaper (D:8)
  3 orc warlords
  6 ironbound thunderhulks
  18 stone giants
  3 green draconians
  6 deep elf death magi
  7 dire elephants
  2 black draconians
  A yellow draconian (Depths:4)
  8 deep elf demonologists
  5 vampire knights
  7 eleionomae
  3 bunyips
  A white draconian (Zot:5)
  7 deep elf annihilators
  2 red draconians
  7 spark wasps
  4 war gargoyles
  A crystal guardian (Vaults:3)
  2 blizzard demons (IceCv)
  16 yaktaur captains
  12 ettins
  6 great orbs of eyes
  An entropy weaver (Vaults:1)
  2 jiangshi (D:15)
  11 ice dragons
  A shambling mangrove (Swamp:3)
  6 deep elf high priests
  14 fire dragons
  21 hydras
  A caustic shrike simulacrum (IceCv)
  41 vault guards
  5 rakshasas
  A great orb of eyes (shapeshifter) (Depths:3)
  4 peacekeepers
  4 spriggan air magi
  2 hell beasts
  22 centaur warriors
  2 ghost crabs
  A death knight (Vaults:3)
  7 alligators
  12 anacondas
  4 salamander tyrants
  12 ironbound frosthearts
  An ogre mage (D:15)
  6 boulder beetles
  6 two-headed ogres
  12 dancing weapons
  7 deep troll shamans
  5 tengu warriors
  12 deep troll earth magi
  25 naga warriors
  5 shock serpents
  An orc high priest (Depths:3)
  12 spriggan berserkers
  Urug (Lair:2)
  6 vampire magi
  18 naga sharpshooters
  5 occultists
  19 hell knights
  A soul eater (Depths:1)
  6 deep elf knights
  Nergalle (D:10)
  A sixfirhy (D:14)
  2 sun demons
  A skyshark (shapeshifter) (Vaults:5)
  A cyclops (shapeshifter) (Vaults:5)
  6 mana vipers
  7 salamander mystics
  A bunyip zombie (Swamp:2)
  A death drake (Swamp:4)
  Lodul (D:13)
  4 sea snakes (Snake:4)
  43 deep trolls
  5 goliath frogs
  6 spriggan druids
  A deep troll (shapeshifter) (Depths:3)
  4 flayed ghosts
  14 deep elf archers
  2 swamp dragons (shapeshifter)
  A sea snake (shapeshifter) (Vaults:4)
  7 iron trolls
  5 glowing orange brains
  A mana viper (shapeshifter) (D:13)
  2 glowing orange brains (shapeshifter)
  8 arcanists
  19 bog bodies
  12 spriggan simulacra (IceCv)
  2 obsidian statues
  8 naga ritualists
  A steelbarb worm (shapeshifter) (Vaults:5)
  6 lindwurms
  An alligator zombie (Swamp:2)
  28 deep elf zephyrmancers
  24 deep elf pyromancers
  10 swamp dragons
  6 orc knights
  24 ironbound convokers
  7 necromancers
  7 phantasmal warriors
  A wolf spider (D:12)
  A thermic dynamo (Elf:2)
  26 ugly things
  24 salamanders
  3 orc sorcerers
  A shining eye (shapeshifter) (Vaults:5)
  4 cyclopes
  3 manticores
  A stone giant skeleton (Vaults:3)
  A glowing shapeshifter (Vaults:5)
  3 will-o-the-wisps
  10 elephants (Lair:5)
  3 moths of wrath
  4 kobold blastminers (Orc:2)
  2 meliai (shapeshifter)
  Joseph (D:10)
  A meliai (D:12)
  8 guardian serpents
  44 black mambas
  A rust devil (D:9)
  27 naga magi
  A water nymph (shapeshifter) (Depths:3)
  An orange demon (D:9)
  2 fire giant skeletons (Vaults:3)
  A molten gargoyle (D:11)
  A large abomination (D:2)
  23 vault sentinels
  2 smoke demons
  A gargoyle (D:14)
  2 kobold demonologists (D:10)
  5 rime drakes
  An unseen horror (D:12)
  10 cane toads
  A hellion (Depths:2)
  47 yaktaurs
  A rime drake (shapeshifter) (Vaults:4)
  5 freezing wraiths
  2 tormentors
  A tengu conjurer (D:15)
  7 komodo dragons
  2 anaconda simulacra (IceCv)
  5 ice devils
  A yaktaur skeleton (Vaults:3)
  7 hellwings
  9 trolls
  2 red devils
  A polar bear (shapeshifter) (Vaults:4)
  2 golden dragon simulacra (IceCv)
  An alligator simulacrum (IceCv)
  5 polar bears
  Prince Ribbit (D:7)
  11 tyrant leeches
  25 hornets
  A raiju (shapeshifter) (Vaults:4)
  3 glass eyes
  A tarantella (shapeshifter) (Vaults:4)
  10 blink frogs
  A blink frog (shapeshifter) (Vaults:4)
  A jumping spider (shapeshifter) (Depths:3)
  18 slime creatures
  A dire elephant simulacrum (IceCv)
  A wraith (D:14)
  A centaur simulacrum (D:10)
  4 air elementals
  4 fire elementals
  3 basilisks
  29 spriggans
  A warg (D:10)
  35 yaks
  A golden eye (D:7)
  3 wyverns
  A yak (shapeshifter) (Vaults:4)
  A human (shapeshifter) (D:14)
  A golden eye (shapeshifter) (Vaults:4)
  A basilisk (shapeshifter) (Vaults:4)
  A ynoxinul (Depths:2)
  2 chaos spawn (D:9)
  21 vampire mosquitoes
  10 minotaur simulacra (IceCv)
  Menkaure (D:7)
  16 swamp worms
  3 harpy simulacra (IceCv)
  55 nagas
  16 water moccasins
  2 hydra simulacra
  2 ice beasts
  3 sky beasts
  28 orc warriors
  10 swamp drakes
  4 black bears
  An ettin simulacrum (IceCv)
  5 boggarts (Lair:5)
  A laughing skull (Vaults:3)
  An ogre (shapeshifter) (D:12)
  31 wolves
  18 ogres
  A boggart (shapeshifter) (D:13)
  19 centaurs
  A phantom (D:4)
  3 kobold brigands
  A human skeleton (Vaults:3)
  12 bullfrogs
  A scorpion (D:3)
  10 deep troll simulacra (IceCv)
  2 earth elementals
  10 wights
  10 killer bees
  A swamp dragon simulacrum (Swamp:2)
  2 howler monkeys
  3 bombardier beetles
  2 lava snakes (D:11)
  2 quasits (D:9)
  A gnoll bouda (D:5)
  22 orc priests
  3 hounds
  A jelly (D:6)
  2 sleepcaps
  8 iguanas
  Terence (D:2)
  19 orc wizards
  4 hell rats (Lair:5)
  9 gnolls
  12 adders
  4 white imps
  An ufetubus (D:5)
  3 dart slugs
  4 ribbon worms
  63 orcs
  8 ball pythons
  5 endoplasms
  A giant cockroach (D:2)
  6 goblins
  6 hobgoblins
  5 jackals (D:4)
  5 quokkas
  3 bats
  9 frilled lizards
  18 kobolds
  5 rats
1966 creatures vanquished.

Vanquished Creatures (others)
  A draconian knight (Zot:5)
  A salamander (Snake:3)
  3 bloated husks
  A slime creature (Vaults:3)
  A boggart (Elf:1)
  21 foxfires
28 creatures vanquished.

Grand Total: 1994 creatures vanquished

Table legend:
 A = Non-vault XP
 B = Vault XP
 C = Vault XP percentage of total XP
 D = Non-vault monster count
 E = Vault monster count
 F = Vault count percentage of total count
                 A         B        C        D         E       F
            +---------+---------+-------+---------+---------+-------
      Total |  526078 |  613846 |  53.8 |    1122 |     832 |  42.6
            +---------+---------+-------+---------+---------+-------
        D:1 |      26 |       0 |   0.0 |      15 |       0 |   0.0
        D:2 |      38 |      58 |  60.4 |      20 |       9 |  31.0
        D:3 |     182 |       0 |   0.0 |      18 |       0 |   0.0
        D:4 |     313 |       0 |   0.0 |      25 |       0 |   0.0
        D:5 |     584 |     266 |  31.3 |      19 |       8 |  29.6
        D:6 |     837 |     326 |  28.0 |      24 |       4 |  14.3
        D:7 |     836 |     456 |  35.3 |       9 |       3 |  25.0
        D:8 |    2263 |       0 |   0.0 |      26 |       0 |   0.0
        D:9 |     726 |    4428 |  85.9 |      13 |      12 |  48.0
       D:10 |    2319 |    3164 |  57.7 |      21 |       8 |  27.6
       D:11 |    5039 |     529 |   9.5 |      36 |       9 |  20.0
       D:12 |    4935 |    5833 |  54.2 |      20 |       9 |  31.0
       D:13 |    7297 |    3136 |  30.1 |      20 |      13 |  39.4
       D:14 |    7592 |       0 |   0.0 |      28 |       0 |   0.0
       D:15 |   18625 |    7823 |  29.6 |      30 |       9 |  23.1
     Lair:1 |    4982 |       0 |   0.0 |      29 |       0 |   0.0
     Lair:2 |    6674 |    2812 |  29.6 |      23 |      10 |  30.3
     Lair:3 |    4248 |       0 |   0.0 |      15 |       0 |   0.0
     Lair:4 |    3710 |    1974 |  34.7 |      15 |       8 |  34.8
     Lair:5 |    5923 |   10763 |  64.5 |      16 |      51 |  76.1
    Swamp:1 |    9121 |    4310 |  32.1 |      20 |       3 |  13.0
    Swamp:2 |    9988 |    3967 |  28.4 |      21 |       6 |  22.2
    Swamp:3 |   16811 |   20359 |  54.8 |      32 |      26 |  44.8
    Swamp:4 |   14099 |   21504 |  60.4 |      27 |      32 |  54.2
    Snake:1 |   22226 |    1640 |   6.9 |      37 |       4 |   9.8
    Snake:2 |   32538 |     878 |   2.6 |      69 |       1 |   1.4
    Snake:3 |   19723 |    3023 |  13.3 |      36 |       2 |   5.3
    Snake:4 |   23432 |   28304 |  54.7 |      51 |      44 |  46.3
      Orc:1 |    1035 |       0 |   0.0 |      16 |       0 |   0.0
      Orc:2 |    2917 |    6543 |  69.2 |      26 |      35 |  57.4
      Elf:1 |   20007 |   10768 |  35.0 |      32 |      15 |  31.9
      Elf:2 |   21847 |    5559 |  20.3 |      37 |       8 |  17.8
      Elf:3 |    3795 |   31982 |  89.4 |       7 |      28 |  80.0
   Vaults:1 |   13913 |   17911 |  56.3 |      22 |      22 |  50.0
   Vaults:2 |   21992 |   29158 |  57.0 |      34 |      43 |  55.8
   Vaults:3 |   22176 |   39237 |  63.9 |      32 |      53 |  62.4
   Vaults:4 |   32416 |   41586 |  56.2 |      43 |      47 |  52.2
   Vaults:5 |   14904 |  123243 |  89.2 |      18 |     101 |  84.9
   Depths:1 |   15906 |   38507 |  70.8 |      18 |      29 |  61.7
   Depths:2 |   32923 |   24048 |  42.2 |      38 |      23 |  37.7
   Depths:3 |     558 |   77984 |  99.3 |       2 |      85 |  97.7
   Depths:4 |   52636 |   14768 |  21.9 |      48 |      15 |  23.8
      Zot:1 |    1397 |       0 |   0.0 |       1 |       0 |   0.0
      Zot:2 |    1544 |       0 |   0.0 |       1 |       0 |   0.0
      Zot:4 |    9039 |       0 |   0.0 |       6 |       0 |   0.0
      Zot:5 |   31986 |    8531 |  21.1 |      26 |       5 |  16.1
      IceCv |       0 |   18468 | 100.0 |       0 |      52 | 100.0
            +---------+---------+-------+---------+---------+-------

Skill      XL: |  1  2  3  4  5  6  7  8  9 10 11 12 13 14 15 16 17 18 19 20 21 22 23 24 25 26 |
---------------+-------------------------------------------------------------------------------+-----
Fighting       | 1 2 3 5 6 10 11 13 14 20 22 23 | 23.0
Short Blades   | 2 4 6 8 9 10 13 14 15 | 15.0
Dodging        | 3 6 8 10 12 13 14 15 18 21 22 | 22.0
Armour         | 1 3 8 10 12 18 20 | 20.0
Invocations    | 2 9 10 11 | 11.0
Evocations     | 13 14 18 20 | 20.5
Stealth        | 8 11 14 15 18 | 18.0
Staves         | 6 |  6.2
Spellcasting   | |  2.6
Hexes          | |  1.0

Action                     |  1- 3 |  4- 6 |  7- 9 | 10-12 | 13-15 | 16-18 | 19-21 | 22-24 | 25-27 || total
---------------------------+-------+-------+-------+-------+-------+-------+-------+-------+-------++-------
  Melee: Dagger            |   226 |   391 |   322 |   117 |       |       |       |       |       ||  1056
         Rapier            |       |       |   152 |   414 |  1200 |  1570 |  1385 |  1421 |   753 ||  6895
         Quick blade       |       |       |   119 |  1039 |  2400 |  3050 |  2686 |  2742 |  1522 || 13558
  Throw: Dart              |       |     5 |     7 |    28 |     4 |       |       |       |       ||    44
 Invoke: Receive Weapon    |       |       |       |     1 |       |       |       |       |       ||     1
         Receive Armour    |       |       |       |     1 |       |       |       |       |       ||     1
         Heroism           |       |       |       |       |     7 |    16 |    10 |    19 |    13 ||    65
         Finesse           |       |       |       |       |     1 |    13 |    11 |    13 |     8 ||    46
Ability: Invent Gizmo      |       |       |       |       |     1 |       |       |       |       ||     1
  Evoke: Wand              |     5 |     9 |     7 |    11 |     4 |    41 |     6 |     6 |     3 ||    92
         Phial of floods   |       |       |       |       |       |     2 |     3 |       |       ||     5
         Tin of tremorston |       |       |       |       |       |       |       |     2 |       ||     2
         Lightning rod     |       |       |       |       |       |       |       |       |     3 ||     3
    Use: Scroll            |     3 |     3 |     6 |    12 |     9 |     8 |    13 |     7 |    10 ||    71
         Potion            |       |       |     4 |    12 |     3 |     6 |     3 |     1 |    18 ||    47
   Stab: Sleeping          |     2 |       |       |       |     4 |     9 |    34 |    67 |     2 ||   118
         Distracted        |     1 |     1 |       |       |     3 |     4 |     4 |    13 |     7 ||    33
         Invisible         |       |       |       |       |       |       |       |       |    31 ||    31
 Armour: Leather armour    |    58 |       |       |       |       |       |       |       |       ||    58
         Ring mail         |     2 |   158 |   159 |   330 |   568 |   583 |   413 |   337 |   217 ||  2767
         Swamp dragon scal |       |       |       |       |       |   144 |   203 |       |       ||   347
  Dodge: Dodged            |    57 |    91 |   107 |   259 |   750 |   901 |   982 |  1122 |   598 ||  4867
         Repelled          |       |       |       |       |    48 |   129 |    57 |    42 |    24 ||   300

Illustrated notes

Table legend:
 A = Kills in this place as a percentage of kills in the entire game.
 B = Kills by you in this place as a percentage of kills by you in the entire game.
 C = Kills by friends in this place as a percentage of kills by friends in the entire game.
 D = Other kills in this place as a percentage of other kills in the entire game.
 E = Experience gained in this place as a percentage of experience gained in the entire game.
 F = Experience gained in this place divided by the number of levels of this place that you have seen.
                   A       B       C       D       E      F
               +-------+-------+-------+-------+-------+----------------------
         Total | 100.0 | 100.0 |   N/A | 100.0 | 100.0 | 23544.2
       Dungeon |  21.4 |  21.5 |   N/A |   0.0 |   7.6 | 5843.6
          Lair |   8.5 |   8.5 |   N/A |   0.0 |   3.6 | 8217.2
         Swamp |   8.5 |   8.4 |   N/A |  40.0 |   8.7 | 25039.8
     Snake Pit |  12.4 |  12.4 |   N/A |  20.0 |  11.4 | 32941.0
  Orcish Mines |   3.9 |   3.9 |   N/A |   0.0 |   0.9 | 5247.5
   Elven Halls |   6.4 |   6.5 |   N/A |   0.0 |   8.1 | 31319.3
        Vaults |  21.1 |  21.1 |   N/A |  20.0 |  30.9 | 71307.2
        Depths |  13.2 |  13.3 |   N/A |   0.0 |  22.6 | 65262.0
           Zot |   2.0 |   1.9 |   N/A |  20.0 |   4.6 | 10499.4
      Ice Cave |   2.6 |   2.6 |   N/A |   0.0 |   1.6 | 18468.0
               +-------+-------+-------+-------+-------+----------------------

Table legend: (Time is in decaauts)
 A = Elapsed time spent in this place.
 B = Non-inter-level travel time spent in this place.
 C = Inter-level travel time spent in this place.
 D = Time resting spent in this place.
 E = Time spent auto-exploring this place.
 F = Levels seen in this place.
 G = Mean time per level.
                   A        B        C        D        E       F      G
               +--------+--------+--------+--------+--------+-----+--------+
         Total |  67548 |  62744 |   4804 |  16229 |  33987 |  49 | 1378.5 |
       Dungeon |  21184 |  19128 |   2056 |   4457 |  11430 |  15 | 1412.3 |
        Temple |     36 |     26 |     10 |      0 |      0 |   1 |   36.0 |
          Lair |   6999 |   6407 |    592 |   1224 |   4180 |   5 | 1399.8 |
         Swamp |   7007 |   6657 |    350 |   2528 |   2735 |   4 | 1751.8 |
     Snake Pit |   8869 |   8657 |    212 |   2640 |   4550 |   4 | 2217.2 |
  Orcish Mines |   1820 |   1734 |     86 |    259 |    998 |   2 |  910.0 |
   Elven Halls |   3731 |   3498 |    233 |    566 |   2103 |   3 | 1243.7 |
        Vaults |   9763 |   9083 |    680 |   2365 |   4539 |   5 | 1952.6 |
        Depths |   5936 |   5356 |    580 |   1058 |   3046 |   4 | 1484.0 |
           Zot |    734 |    733 |      1 |    381 |      0 |   5 |  146.8 |
      Ice Cave |   1465 |   1465 |      0 |    749 |    404 |   1 | 1465.0 |
               +--------+--------+--------+--------+--------+-----+--------+

Top non-repeatable levels by time:
 Swamp:3: 2927 daAuts
 Snake:4: 2623 daAuts
 Snake:2: 2440 daAuts
Vaults:4: 2347 daAuts
    D:15: 2302 daAuts
Vaults:3: 2120 daAuts
Vaults:1: 2021 daAuts
  Lair:2: 2010 daAuts
 Snake:1: 1979 daAuts
Vaults:2: 1965 daAuts
     D:8: 1955 daAuts
 Snake:3: 1826 daAuts
   Elf:3: 1818 daAuts
    D:10: 1814 daAuts
    D:11: 1768 daAuts
